 Dungeon Crawl Stone Soup version 0.27.1-34-g3ba077fa99 (webtiles) character file.

Game seed: 17820143729279194287

1183 pkoi the Grappler (level 8, -7/59 HPs)
             Began as a Pale Draconian Monk on Jan 17, 2022.
             Was a Priest of Hepliaklqana.
             Killed by divine providence
             ... invoked by an orc priest
              (17 damage)
             ... on level 6 of the Dungeon.
             The game lasted 00:07:52 (7118 turns).

pkoi the Grappler (Pale Draconian Monk)             Turns: 7118, Time: 00:07:53

Health: -7/59      AC:  7    Str: 14    XL:     8   Next: 19%
Magic:  17/17      EV: 12    Int: 13    God:    Hepliaklqana [***...]
Gold:   1464       SH:  0    Dex: 13    Spells: 7/7 levels left

rFire    . . .     SeeInvis .     - Unarmed
rCold    . . .     Faith    .   (no shield)
rNeg     . . .     Spirit   .   (armour unavailable)
rPois    .         Reflect  .   j - +1 hat
rElec    .         Harm     .   (no cloak)
rCorr    .         Rampage  .   (no gloves)
Will     .....                  (no boots)
Stlth    ++........             b - amulet "Castryet" {Acrobat MP+9}
HPRegen  0.19/turn              a - ring of flight
MPRegen  0.15/turn              (no ring)

@: flying
A: reduced essence, breathe steam, AC +6, unfitting armour, cold-blooded, steam
resistance
a: Breathe Steam, Renounce Religion, Recall Ancestor, Ancestor Identity,
Transference


You were on level 6 of the Dungeon.
You worshipped Hepliaklqana.
Hepliaklqana was most pleased with you.
You visited 2 branches of the dungeon, and saw 7 of its levels.

You collected 1464 gold pieces.

Inventory:

Hand Weapons
 d - a +1 dagger
Missiles
 i - 8 boomerangs (quivered)
 r - 3 throwing nets
Armour
 j - a +1 hat (worn)
Jewellery
 a - a ring of flight (left hand)
 b - the amulet "Castryet" (around neck) {Acrobat MP+9}
   (You acquired it on level 1 of the Dungeon)

   [amulet of the acrobat]

   It increases your evasion while moving and waiting.
   MP:        It affects your magic capacity (+9).
 c - a ring of protection from fire
Wands
 g - a wand of digging (6)
Scrolls
 e - 9 scrolls of identify
 h - a scroll of enchant weapon
 o - a scroll of amnesia
 p - 2 scrolls of teleportation
Potions
 k - 2 potions of brilliance {unknown}
 l - 2 potions of flight {unknown}
 m - a potion of berserk rage {unknown}
 n - a potion of heal wounds {unknown}
 q - a potion of resistance {unknown}


   Skills:
 - Level 4.0 Fighting
 - Level 3.0 Dodging
 - Level 1.7 Stealth
 + Level 9.9 Unarmed Combat


You had 7 spell levels left.
You didn't know any spells.
Your spell library contained the following spells:

 Spells                   Type           Power      Damage    Failure   Level
 Sandblast                Erth           0%         2d4       30%         1
 Passwall                 Tmut/Erth      0%         N/A       43%         2
 Frozen Ramparts          Ice            0%         1d2       67%         3
 Ice Form                 Ice/Tmut       0%         N/A       97%         4
 Summon Ice Beast         Ice/Summ       0%         N/A       97%         4
 Lee's Rapid Deconstruct  Erth           0%         3d5*      100%        5


Dungeon Overview and Level Annotations

Branches:
Dungeon (6/15)             Temple (1/1) D:4

Altars:
Ashenzari
Cheibriados
Dithmenos
Elyvilon
Fedhas
Gozag
Hepliaklqana
Kikubaaqudgha
Makhleb
Nemelex Xobeh
Okawaru
Qazlal
Ru
Sif Muna
Trog
Uskayaw
Vehumet
Wu Jian
Xom
Yredelemnul
Zin
The Shining One

Portals:
Abyss: D:4

Annotations:
D:3 1 runed translucent door, Crazy Yiuf
D:4 2 transporters, pkoi's ghost, amateur DrMo


Innate Abilities, Weirdness & Mutations

Your life essence is reduced to manifest your ancestor. (-10% HP)
You can breathe blasts of scalding, opaque steam.
Your pale cyan-grey scales are hard. (AC +6)
You cannot fit into any form of body armour.
You are cold-blooded and may be slowed by cold attacks.
You are immune to the effects of steam.


Message History

The orc priest calls down the wrath of Beogh upon you.
Beogh smites you!
The orc priest calls down the wrath of Beogh upon you.
Beogh smites you!
You are too injured to fight recklessly!
The orc priest calls down the wrath of Beogh upon you.
Beogh smites you!
* * * LOW HITPOINT WARNING * * *
The orc completely misses you.
You punch the orc!
You kill the orc!
You are too injured to fight recklessly!
You are too injured to fight recklessly!
You swap places.
The orc priest mumbles some strange prayers to Beogh against you.
Beogh smites you!
* * * LOW HITPOINT WARNING * * *
Sue blocks the orc's attack.
Sue hits the orc with a +0 flail!
The orc dies!
Sue blocks the orc's attack.
Sue hits the orc with a +0 flail!
The orc dies!
The orc priest invokes the aid of Beogh against you.
Beogh smites you!
* * * LOW HITPOINT WARNING * * *
The orc priest casts a cantrip, but nothing happens.
A centaur skeleton comes into view.
You are confused.
You feel invigorated. Sue blocks your attack.
You feel less invigorated.
You feel less confused.
The orc priest looks braver for a moment.
The orc priest calls down the wrath of Beogh upon you.
Beogh smites you!
* * * LOW HITPOINT WARNING * * *
The orc priest casts a cantrip, but nothing happens.
There is a stone staircase leading up here.
The orc priest calls down the wrath of Beogh upon you.
Beogh smites you!
You die...

.............#.##. #.#
#.####............ #.#
..#...........#.#######.###
..#.##.#..................#
..#.##.##..#..#..##########
.................>........#
..#.##.##.....#...........#
..#.##.##..........#.....##
..#.##.##o.o...R@#.#.#.#R#
###...o....Z..#........#.#
.##..#.###....#....#.#.#.#
[[##.#.# #....#....#.#.#.#
≈≈##o#.# #....#....#.#.#.#
[.(..#.# #....#....#.#.#.#
≈≈##Z#.# #....#.##.#.#...#
[(##.#.# #....#....#.###.#
.##.o#.# #....######.# ###


You could see the friendly Sue the knight, 2 orc priests and a centaur skeleton.

Vanquished Creatures
  A water moccasin (D:6)
  A centaur (D:6)
  A phantom (D:4)
  2 bullfrog zombies (D:6)
  4 hounds
  An orc priest (D:5)
  2 jellies
  An iguana (D:3)
  2 orc wizards
  4 gnolls
  A howler monkey zombie (D:4)
  7 adders
  A white imp (D:6)
  An ufetubus (D:5)
  3 dart slugs
  9 orcs
  5 endoplasms
  4 giant cockroaches
  2 goblins (D:6)
  10 hobgoblins
  2 jackals (D:1)
  7 quokkas
  4 ball pythons
  5 bats
  A frilled lizard (D:3)
  9 kobolds
  A quokka skeleton (D:4)
  6 rats
97 creatures vanquished.

Vanquished Creatures (collateral kills)
  A steam dragon (D:4)
  An ogre (D:5)
  A scorpion (D:5)
  A bullfrog skeleton (D:5)
  A killer bee zombie (D:6)
  A hound skeleton (D:5)
  An adder (D:5)
  A howler monkey skeleton (D:5)
  5 orcs
  A kobold (D:6)
14 creatures vanquished.

Vanquished Creatures (others)
  4 toadstools (D:3)
4 creatures vanquished.

Grand Total: 115 creatures vanquished

Notes
Turn   | Place    | Note
-------+----------+-------------------------------------------
     0 | D:1      | pkoi the Draconian Monk began the quest for the Orb.
     0 | D:1      | Reached XP level 1. HP: 19/19 MP: 1/1
    97 | D:1      | Found a faded altar of an unknown god.
   169 | D:1      | Reached XP level 2. HP: 15/26 MP: 2/2
   408 | D:1      | Identified a scroll of acquirement
   408 | D:1      | Acquired the amulet "Castryet" {Acrobat MP+9}
   686 | D:1      | Reached skill level 4 in Unarmed Combat
   895 | D:2      | Reached XP level 3. HP: 23/31 MP: 3/3
  1731 | D:2      | Reached skill level 5 in Unarmed Combat
  1731 | D:2      | Reached XP level 4. HP: 28/38 MP: 4/4
  2812 | D:3      | Found a runed translucent door.
  2813 | D:3      | Noticed Crazy Yiuf
  3041 | D:3      | Reached XP level 5. HP: 45/45 MP: 5/5
  3063 | D:3      | Found a sparkling altar of Nemelex Xobeh.
  3514 | D:3      | Reached skill level 6 in Unarmed Combat
  4028 | D:4      | Found a transporter.
  4082 | D:4      | Noticed a phantom
  4233 | D:4      | Reached XP level 6. HP: 33/51 MP: 6/6
  4381 | D:4      | Found a staircase to the Ecumenical Temple.
  4403 | D:4      | Noticed a steam dragon
  4408 | Temple   | Entered the Ecumenical Temple
  4964 | Temple   | Became a worshipper of Hepliaklqana the Forgotten
  4964 | Temple   | Reached * piety under Hepliaklqana
  4964 | Temple   | Reached ** piety under Hepliaklqana
  4965 | Temple   | Remembered your ancestor Sue as a knight
  5027 | D:4      | Killed a steam dragon
  5028 | D:4      | Reached skill level 7 in Unarmed Combat
  5452 | D:4      | Noticed a small abomination
  5461 | D:4      | Noticed pkoi's ghost (amateur DrMo)
  5484 | D:4      | Found a transporter.
  5630 | D:4      | Your scales start taking on a pale cyan-grey colour.
  5630 | D:4      | Reached XP level 7. HP: 26/53 MP: 7/7
  5630 | D:4      | Gained mutation: You are immune to the effects of steam.
                  | [Pale Draconian growth]
  5880 | D:4      | Found a one-way gate to the infinite horrors of the Abyss.
  5935 | D:5      | Entered Level 5 of the Dungeon
  6088 | D:5      | Reached skill level 8 in Unarmed Combat
  6354 | D:5      | Found a stormy altar of Qazlal.
  6452 | D:5      | Found an ornate altar of the Wu Jian Council.
  6509 | D:5      | Acquired 1086 gold pieces
  6556 | D:5      | Reached skill level 9 in Unarmed Combat
  6895 | D:6      | Reached XP level 8. HP: 55/59 MP: 8/8
  7060 | D:6      | Found a bloodstained altar of Trog.
  7061 | D:6      | Reached *** piety under Hepliaklqana
  7097 | D:6      | HP: 2/59 [orc priest/divine providence (11)]
  7118 | D:6      | Killed from afar by an orc priest

Illustrated notes

Levels and vault maps discovered:
D:1:      doesnt_arrival_eight_statues, layout_rooms, serial_rivers,
          chequers_serial_rivers_large_a, chequers_serial_rivers_room_b,
          chequers_serial_rivers_room_b, chequers_serial_rivers_room_a,
          shapermc_ecumenical_altar_totnotflames
D:2:      layout_loops_ring
D:3:      minmay_inner_zag, layout_basic, general_overflow_altar,
          minmay_gold_behind_fungi, uniq_crazy_yiuf_cottage
D:4:      layout_loops_ring, minmay_temple_entry_glass,
          gammafunk_ghost_abyssal_escape
D:5:      layout_basic, lemuel_round_altar, grunt_qazlal_clouds
D:6:      layout_basic, trog_hazing_becter
Temple:   dpeg_five_rooms_temple

Skill      XL: |  1  2  3  4  5  6  7 |
---------------+----------------------+-----
Unarmed Combat | 4 5 6 7 9 |  9.9
Dodging        | 3 |  3.0
Fighting       | 4 |  4.0
Stealth        | |  1.7

Action                   |  1- 3 |  4- 6 |  7- 9 || total
-------------------------+-------+-------+-------++-------
Melee: Unarmed           |   125 |   190 |    95 ||   410
       Tailslap          |    11 |    22 |    14 ||    47
       Punch             |       |     4 |     1 ||     5
Invok: Ancestor Life: Kn |       |     1 |       ||     1
       Ancestor Identity |       |     1 |       ||     1
 Abil: Breathe Steam     |       |       |     2 ||     2
  Use: Scroll            |     4 |     6 |     1 ||    11
       Potion            |     1 |       |     1 ||     2
 Stab: Sleeping          |     4 |     5 |       ||     9
       Distracted        |     1 |       |       ||     1
Armor: Skin              |    24 |    51 |    37 ||   112
Dodge: Dodged            |    85 |   139 |    58 ||   282
